 Dungeon Crawl Stone Soup version 0.31.0-11-ge490571c62 (webtiles) character file.

Game seed: 4550423477449306406

4076 puppykicker the Cruncher (level 10, -3/73 HPs)
             Began as a Spriggan Gladiator on Jan 30, 2024.
             Was a High Priest of Okawaru.
             Slain by a warg (8 damage)
             ... on level 10 of the Dungeon.
             The game lasted 00:26:43 (9140 turns).

puppykicker the Cruncher (Spriggan Gladiator)       Turns: 9140, Time: 00:26:43

Health: -3/73      AC: 25    Str: 20    XL:     10   Next: 5%
Magic:  15/15      EV:  4    Int: 11    God:    Okawaru [*****.]
Gold:   604        SH:  0    Dex: 16    Spells: 10/15 levels left

rFire   . . .        a - +4 quarterstaff (chaos)
rCold   . . .        (shield currently unavailable)
rNeg    . . .        A - melded +2 robe {rC+} {rC+}
rPois   +            c - melded +0 hat
rElec   .            k - melded +1 cloak
rCorr   .            (gloves unavailable)
SInv    +            (boots unavailable)
Will    +....        (no amulet)
Stlth   +++          j - +6 ring of strength
HPRegen 0.32/turn    P - ring of poison resistance
MPRegen 0.14/turn

%: no passive effects
@: tree-form
A: stationary, stasis, torment immunity, boosted hp, very small, no large
weapons, unfitting armour, see invisible, (speed 3)
a: Renounce Religion, Heroism, Finesse, Duel


You were on level 10 of the Dungeon.
You worshipped Okawaru.
Okawaru was extremely pleased with you.
You were a tree.
You visited 2 branches of the dungeon, and saw 11 of its levels.
You also visited: Ossuary.

You collected 604 gold pieces.

Inventory:

Hand Weapons
 a - a +4 quarterstaff of chaos (weapon)
 b - a +0 whip of electrocution
 g - a +0 quarterstaff
 v - a +1 dagger of venom
 w - a +0 orcbow
Missiles
 d - 3 throwing nets
 m - 10 poisoned darts (quivered)
 M - a curare-tipped dart
Armour
 c - a +0 hat (melded)
 k - a +1 cloak (melded)
 A - a +2 robe of cold resistance (melded) {rC+}
Jewellery
 j - a +6 ring of strength (left branch)
 F - a ring of protection from fire
 I - a ring of protection from cold
 P - a ring of poison resistance (right branch)
 W - a ring of wizardry {Wiz+}
Wands
 p - a wand of roots (1)
 D - a wand of digging (5)
Scrolls
 f - 2 scrolls of brand weapon {unknown}
 h - 2 scrolls of torment {!r}
 q - 2 scrolls of amnesia
 r - a scroll of immolation {unknown}
 t - 6 scrolls of teleportation
 y - a scroll of blinking {unknown}
 z - a scroll of vulnerability {!r!r}
 E - 3 scrolls of enchant armour {unknown}
 G - 3 scrolls of revelation {unknown}
 K - a scroll of enchant weapon {unknown}
 L - a scroll of fear
Potions
 e - a potion of might {unknown}
 i - 3 potions of mutation {unknown}
 l - 2 potions of lignification {!q}
 n - 2 potions of invisibility {unknown}
 o - 3 potions of berserk rage {unknown}
 s - 5 potions of curing {unknown}
 u - 3 potions of cancellation {unknown}
 x - a potion of magic {unknown}
 B - 2 potions of brilliance {unknown}
 C - a potion of enlightenment {unknown}
 H - a potion of degeneration {unknown}
 J - a potion of heal wounds {unknown}


   Skills:
 + Level 3.7 Fighting
 * Level 8.9 Staves
 - Level 2.0 Throwing
 + Level 2.8 Armour
 + Level 6.5 Dodging
 + Level 6.0 Stealth
 - Level 3.0 Spellcasting
 + Level 0.0 Necromancy
 + Level 0.0 Translocations
 + Level 0.0 Invocations
 + Level 4.9 Evocations


You had 10 spell levels left.
You knew the following spells:

 Your Spells              Type           Power      Damage    Failure   Level
p - Blink                 Tloc           2%         N/A       36%         2
v - Vampiric Draining     Necr           1%         2d6       61%         3

Your spell library contained the following spells:

 Spells                   Type           Power      Damage    Failure   Level
 Magic Dart               Conj           4%         1d3       26%         1
 Sandblast                Erth           2%         2d4       26%         1
 Slow                     Hex            4%         N/A       26%         1
 Sublimation of Blood     Necr           1%         N/A       36%         2
 Confusing Touch          Hex            1%         N/A       61%         3
 Passwall                 Erth           1%         N/A       61%         3
 Sigil of Binding         Hex            1%         N/A       61%         3
 Stone Arrow              Conj/Erth      2%         3d7       61%         3
 Brom's Barrelling Bould  Conj/Erth      1%         2d3       95%         4
 Borgnjor's Vile Clutch   Necr/Erth      0%         N/A       100%        5
 Eringya's Noxious Bog    Alch           0%         4d6       100%        6
 Call Imp                 Summ           Unusable   N/A       N/A         2
 Animate Dead             Necr           Unusable   N/A       N/A         4
 Summon Forest            Summ/Tloc      Unusable   N/A       N/A         5
 Death Channel            Necr           Unusable   N/A       N/A         6
 Summon Hydra             Summ           Unusable   N/A       N/A         7

Dungeon Overview and Level Annotations

Branches:
Dungeon (10/15)            Temple (1/1) D:4             Orc (0/2) D:10
Ossuary (visited)
   Lair: D:8-11

Altars:
Ashenzari
Cheibriados
Elyvilon
Fedhas
Gozag
Hepliaklqana
Kikubaaqudgha
Makhleb
Nemelex Xobeh
Okawaru
Qazlal
Ru
Sif Muna
Trog
Uskayaw
Vehumet
Xom
Yredelemnul
Zin
The Shining One

Shops:
D:1 (


Innate Abilities, Weirdness & Mutations

You are a tree.
Your roots penetrate the ground, keeping you stationary.
You cannot be teleported.
You are immune to unholy pain and torment.
Your maximum health is greatly increased.
Your equipment is partially melded.
You are very small and have problems with some larger weapons.
You are too small for most types of armour.
You have supernaturally acute eyesight. (SInv)
((You cover ground extremely quickly. (Speed+++)))


Message History

You hit the warg. You burn the warg.
The warg is heavily wounded.
The warg bites you!
* * * LOW HITPOINT WARNING * * *
The warg barely misses you.
You take 10 damage, and have 21/49 hp.
MASSIVE DAMAGE!!
You thump the warg! You freeze the warg.
The warg is almost dead.
The warg closely misses you. The warg barely misses you.
Unknown command.
You hit the warg.
The warg is almost dead.
The warg bites you.
* * * LOW HITPOINT WARNING * * *
The warg bites you!
* * * LOW HITPOINT WARNING * * *
You take 13 damage, and have 8/49 hp.
MASSIVE DAMAGE!!
You hit the warg but do no damage.
The warg is almost dead.
The warg completely misses you. The warg closely misses you.
Okay, then.
Unknown command.
Unknown command.
Okay, then.
Unknown command.
You turn into a tree.
Your +1 cloak melds into your body.
Your +0 hat melds into your body.
Your +2 robe of cold resistance {rC+} melds into your body.
You feel less resistant to cold.
Your roots penetrate the ground.
The warg barely misses you. The warg bites you but does no damage.
You now have 13/73 hp.
Unknown command.
You closely miss the warg.
The warg is almost dead.
The warg bites you!
* * * LOW HITPOINT WARNING * * *
The warg bites you!
You die...

.#### ....). ######+#
.......## ##§
.####...#############...§
##..##....#..h........##.
+..))'.8....####........#
##.)##......# #h######.#
.####...###.# #♣#
.......## #.# #.#
######## #.# #.# #.# #?#
... ... #.# #.# .# #.#
...


You could see a neutral warg (fast, strong, frenzied).

Levels and vault maps discovered:
D:1:      minmay_arrival_five_plusses, layout_loops_ring,
          shapermc_ecumenical_altar_venn, serial_shops,
          nicolae_shop_tiny_real_fake_doors, palyth_stone_intersect
D:2:      layout_basic, dk_noncrumbling_4
D:3:      layout_basic, mainiacjoe_overflow_boulevard
D:4:      layout_rooms, eat_drink_and_be_merry_uskayaw,
          minmay_temple_entry_proselytizer, grunt_decor_junction,
          nicolae_concentric_dashed_squares_wild, uniq_natasha
D:5:      layout_loops_cross, nicolae_ru_the_path_less_chosen, led_sif_book,
          minmay_misc_feat_tiny, uniq_prince_ribbit1, uniq_crazy_yiuf_cottage
D:6:      layout_loops_ring, zin_angel, xom_butterflies,
          chequers_ossuary_entry_cave, hangedman_decor_peaks_small
D:7:      layout_cave_pools, kennysheep_little_box
D:8:      layout_cave_pools, tso_oasis_becter, serial_column_ruins,
          column_ruins_hut_ruined, column_ruins_hut, column_ruins_open_small,
          column_ruins_corridor_corner, column_ruins_grid_3, column_ruins_grid_4
D:9:      layout_roguey
D:10:     layout_loops_ring, grunt_dithmenos_smoke_and_mirrors,
          nzn_wu_jian_council_hall, dpeg_lair_monsters, david_orc_1_choice,
          sword_in_stone, uniq_erolcha
Temple:   nicolae_temple_bog_church

Notes
Turn   | Place    | Note
-------+----------+-------------------------------------------
     0 | D:1      | puppykicker the Spriggan Gladiator began the quest for the
                  | Orb.
     0 | D:1      | Reached XP level 1. HP: 10/10 MP: 2/2
    36 | D:1      | Identified a +6 ring of strength
    62 | D:1      | Identified a +0 club
   101 | D:1      | Identified a +0 club
   166 | D:1      | Identified a +0 whip of electrocution
   263 | D:1      | Identified a +1 cloak
   272 | D:1      | Reached XP level 2. HP: 14/14 MP: 3/3
   348 | D:1      | Identified a +0 rapier
   355 | D:1      | Found a faded altar of an unknown god.
   506 | D:1      | Identified a +0 dagger
   614 | D:1      | Found Geshrev's Weapon Emporium.
   799 | D:2      | Identified a +0 whip
   816 | D:2      | Reached skill level 3 in Staves
   834 | D:2      | Identified a +0 dagger
   840 | D:2      | Reached XP level 3. HP: 18/18 MP: 4/4
   864 | D:2      | Identified a +0 dagger
   951 | D:2      | Identified a +0 hand axe
   994 | D:2      | Identified a +0 dagger
  1023 | D:2      | Identified a +0 hand axe
  1062 | D:2      | Identified a +0 dagger of draining
  1209 | D:2      | Identified a +0 dagger
  1214 | D:2      | Identified a +0 sling
  1380 | D:3      | Identified a +0 club
  1390 | D:3      | Reached XP level 4. HP: 22/22 MP: 5/5
  1410 | D:3      | Found a sparkling altar of Nemelex Xobeh.
  1414 | D:3      | Identified 4 scrolls of identify
  1414 | D:3      | Identified a scroll of teleportation
  1415 | D:3      | Identified a scroll of poison
  1416 | D:3      | Identified a scroll of torment
  1417 | D:3      | Identified a scroll of vulnerability
  1437 | D:3      | Reached skill level 4 in Staves
  1458 | D:3      | Identified a +0 club
  1558 | D:3      | Identified a +0 club
  1558 | D:3      | Identified a +2 ring mail of poison resistance
  1563 | D:3      | Identified a ring of protection from fire
  1623 | D:3      | Identified a +0 ring mail of fire resistance
  1720 | D:3      | Identified a +0 dagger
  1728 | D:3      | Identified a +0 chain mail
  1788 | D:3      | Identified the +1 leather armour of the Spheres {rF- rC-
                  | Dex+6 SInv}
  1922 | D:3      | Identified a +0 dagger
  2133 | D:3      | Reached XP level 5. HP: 18/25 MP: 6/6
  2182 | D:3      | Identified a +0 dagger
  2199 | D:3      | Identified a scroll of amnesia
  2221 | D:4      | Noticed Natasha
  2222 | D:4      | Identified a +0 whip
  2229 | D:4      | Identified a +0 spear
  2233 | D:4      | Identified a +1 spear
  2267 | D:4      | Identified a +0 spear
  2268 | D:4      | Identified a +1 spear
  2273 | D:3      | Killed Natasha
  2391 | D:3      | Noticed Natasha
  2401 | D:3      | Killed Natasha
  2709 | D:3      | Identified a +0 hand axe
  2818 | D:3      | Identified a +0 robe
  3025 | D:3      | Noticed Natasha
  3030 | D:3      | Killed Natasha
  3099 | D:4      | Found a staircase to the Ecumenical Temple.
  3099 | D:4      | Identified a +0 flail
  3105 | D:4      | Reached skill level 5 in Staves
  3108 | Temple   | Entered the Ecumenical Temple
  3116 | Temple   | Became a worshipper of Warmaster Okawaru
  3262 | D:4      | Identified a +0 club
  3305 | D:4      | Identified a +0 leather armour
  3344 | D:4      | Reached XP level 6. HP: 28/30 MP: 7/7
  3386 | D:4      | Learned a level 2 spell: Blink
  3390 | D:4      | Learned a level 3 spell: Vampiric Draining
  3478 | D:4      | Identified a +0 short sword
  3479 | D:4      | Identified a +0 sling
  3636 | D:4      | Identified a scroll of noise
  3683 | D:4      | Found a hide-covered altar of Uskayaw.
  3697 | D:4      | Identified a ring of poison resistance
  3761 | D:4      | Identified a +0 mace
  3761 | D:4      | Identified a +0 chain mail
  3762 | D:4      | Identified a +0 sling
  3762 | D:4      | Identified a +0 short sword
  3911 | D:5      | Entered Level 5 of the Dungeon
  3986 | D:5      | Identified a +0 giant spiked club
  4029 | D:5      | Reached * piety under Okawaru
  4030 | D:5      | Reached skill level 6 in Staves
  4030 | D:5      | Reached XP level 7. HP: 33/33 MP: 8/8
  4141 | D:5      | Identified a +0 leather armour
  4211 | D:5      | Identified a +2 pair of gloves
  4254 | D:5      | Noticed Prince Ribbit
  4285 | D:5      | Killed Prince Ribbit
  4286 | D:5      | Reached skill level 7 in Staves
  4429 | D:5      | Reached ** piety under Okawaru
  4465 | D:5      | Found a shimmering blue altar of Sif Muna.
  4475 | D:5      | Identified a +0 dagger
  4475 | D:5      | Identified a +0 robe
  4475 | D:5      | Identified a +0 dagger
  4475 | D:5      | Identified a +0 robe
  4552 | D:5      | Found a runed translucent door.
  4552 | D:5      | Identified a +4 quarterstaff of chaos
  4552 | D:5      | Identified a +0 cloak
  4552 | D:5      | Noticed Crazy Yiuf
  4576 | D:5      | Identified a +0 orcbow
  4587 | D:5      | HP: 7/33 [centaur (3)]
  4587 | D:5      | HP: 1/33 [centaur (3)]
  4833 | D:5      | Found a sacrificial altar of Ru.
  4905 | D:5      | Identified a ring of wizardry
  5011 | D:5      | Killed Crazy Yiuf
  5012 | D:5      | Reached XP level 8. HP: 23/37 MP: 9/9
  5197 | D:6      | Reached skill level 8 in Staves
  5245 | D:6      | Reached skill level 1 in Stealth
  5245 | D:6      | Identified a +0 dagger
  5247 | D:6      | Identified a +0 shortbow
  5263 | D:6      | Reached skill level 1 in Spellcasting
  5263 | D:6      | Reached skill level 1 in Evocations
  5273 | D:6      | Found a sand-covered staircase.
  5282 | Ossuary  | Entered an ossuary
  5297 | Ossuary  | Reached skill level 2 in Fighting
  5319 | Ossuary  | Reached skill level 2 in Stealth
  5453 | Ossuary  | Reached skill level 1 in Armour
  5469 | Ossuary  | Reached skill level 2 in Evocations
  5513 | Ossuary  | Reached *** piety under Okawaru
  5514 | Ossuary  | Reached skill level 2 in Spellcasting
  5535 | Ossuary  | Identified a +0 dagger
  5535 | Ossuary  | Identified a +2 robe of cold resistance
  5551 | Ossuary  | Reached skill level 3 in Stealth
  5762 | Ossuary  | Reached skill level 5 in Dodging
  5964 | D:6      | Reached XP level 9. HP: 40/43 MP: 13/13
  5979 | D:6      | Identified a +1 scale mail of poison resistance
  5979 | D:6      | Identified a +0 dagger
  5979 | D:6      | Identified a +0 robe
  5982 | D:6      | Identified a +0 club
  5982 | D:6      | Identified a +0 scale mail
  5982 | D:6      | Identified a +0 dagger
  5982 | D:6      | Identified a +0 robe
  5983 | D:6      | Identified a +0 club
  5983 | D:6      | Identified a +0 leather armour
  5991 | D:6      | Identified a +0 leather armour
  5993 | D:6      | Identified a +0 flail
  6043 | D:6      | Identified a +6 ring of intelligence
  6098 | D:6      | Found a shimmering altar of Xom.
  6122 | D:6      | Identified a +0 dagger
  6124 | D:6      | Identified a +0 club
  6125 | D:6      | Identified a +0 club
  6125 | D:6      | Identified a +0 short sword
  6126 | D:6      | Identified a +0 dagger
  6139 | D:6      | Identified a +0 club
  6182 | D:6      | Identified a +0 whip
  6209 | D:6      | Reached skill level 3 in Evocations
  6226 | D:6      | Identified a +0 short sword
  6238 | D:6      | Identified a +0 morningstar
  6238 | D:6      | Identified a +0 robe
  6263 | D:6      | Reached skill level 4 in Stealth
  6295 | D:6      | Identified a +0 flail
  6303 | D:6      | Identified a +2 dire flail
  6303 | D:6      | Identified a +0 robe
  6304 | D:6      | Identified a +0 war axe
  6304 | D:6      | Identified a +0 robe
  6365 | D:6      | Found a glowing silver altar of Zin.
  6366 | D:6      | Identified a +1 whip of holy wrath
  6366 | D:6      | Identified a +0 robe
  6366 | D:6      | Noticed an angel
  6698 | D:7      | Identified a +0 falchion
  6698 | D:7      | Identified a +0 robe
  6700 | D:7      | Identified a +3 dagger
  6700 | D:7      | Identified a +0 robe
  6714 | D:7      | Reached skill level 3 in Spellcasting
  6752 | D:7      | Reached skill level 2 in Armour
  6763 | D:7      | Identified a +0 scimitar
  6763 | D:7      | Identified a +0 robe
  6763 | D:7      | Identified a +4 hand axe
  6763 | D:7      | Identified a +0 robe
  6800 | D:7      | HP: 10/43 [poisoned by a killer bee]
  6805 | D:7      | HP: 7/43 [poisoned by a killer bee]
  7018 | D:6      | Reached skill level 3 in Fighting
  7094 | D:7      | Identified a +0 mace
  7152 | D:7      | Identified a +0 flail
  7159 | D:7      | Found a bloodstained altar of Trog.
  7162 | D:7      | Reached **** piety under Okawaru
  7462 | D:8      | Reached skill level 5 in Stealth
  7474 | D:8      | Identified a +0 flail
  7474 | D:8      | Identified a +0 leather armour
  7478 | D:8      | Identified a +0 scimitar
  7478 | D:8      | Identified a +0 plate armour
  7480 | D:8      | Identified a +1 dagger of venom
  7505 | D:8      | Reached skill level 4 in Evocations
  7506 | D:8      | Identified a +0 dagger
  7506 | D:8      | Identified a +0 leather armour
  7630 | D:8      | Identified a +0 pair of boots
  7682 | D:8      | Identified a +0 ring mail
  7822 | D:8      | Found a glowing golden altar of the Shining One.
  7889 | D:8      | Identified a ring of protection from cold
  7923 | D:8      | Reached skill level 6 in Dodging
  7990 | D:9      | Identified 4 potions of lignification
  8037 | D:9      | Identified a +0 hat
  8125 | D:9      | Identified a +0 dagger
  8125 | D:9      | Identified a +0 robe
  8125 | D:9      | Identified a +0 trident
  8125 | D:9      | Identified a +0 dagger
  8125 | D:9      | Identified a +0 robe
  8125 | D:9      | Identified a +0 flail
  8212 | D:9      | Identified a +0 dagger
  8212 | D:9      | Identified a +0 robe
  8212 | D:9      | Identified a +0 club
  8212 | D:9      | Identified a +0 club
  8212 | D:9      | Identified a +0 falchion
  8212 | D:9      | Identified a +0 leather armour
  8214 | D:9      | Paralysed by a hornet for 1 turns
  8339 | D:9      | Identified a +0 robe
  8346 | D:9      | Identified a +0 dagger
  8562 | D:9      | Identified a +0 whip
  8562 | D:9      | Identified a +0 robe
  8562 | D:9      | Identified a +0 spear
  8562 | D:9      | Identified a +0 halberd
  8562 | D:9      | Identified a +0 halberd
  8562 | D:9      | Identified a +0 flail
  8667 | D:9      | Identified a +5 dire flail
  8667 | D:9      | Identified a +0 robe
  8667 | D:9      | Identified a +3 scimitar
  8667 | D:9      | Identified a +0 robe
  8667 | D:9      | Identified a +0 short sword
  8667 | D:9      | Identified a +0 robe
  8668 | D:9      | Identified a +0 scimitar
  8668 | D:9      | Identified a +0 robe
  8686 | D:9      | Reached XP level 10. HP: 48/48 MP: 15/15
  8689 | D:9      | Reached skill level 6 in Stealth
  8825 | D:10     | Entered Level 10 of the Dungeon
  8843 | D:10     | Identified a +0 short sword
  8843 | D:10     | Identified a +0 leather armour
  8843 | D:10     | Identified a +0 mace
  8843 | D:10     | Identified a +0 arbalest
  8843 | D:10     | Identified a +0 chain mail
  8844 | D:10     | Identified a +0 club
  8844 | D:10     | Identified a +0 leather armour
  8858 | D:10     | Reached ***** piety under Okawaru
  8935 | D:10     | Found a staircase to the Orcish Mines.
  8943 | D:10     | Identified a +0 dagger
  8943 | D:10     | Identified a +0 robe
  8954 | D:10     | Identified a +0 scimitar
  8954 | D:10     | Identified a +0 chain mail
  8954 | D:10     | Identified a +0 club
  8955 | D:10     | Identified a +0 hand axe
  8955 | D:10     | Identified a +0 chain mail
  8963 | D:10     | HP: 6/49 [warg (9)]
  8970 | D:10     | Identified a +0 ring mail
  9137 | D:10     | HP: 8/49 [warg (11)]
  9140 | D:10     | Slain by a warg

Table legend: (Time is in decaauts)
 A = Elapsed time spent in this place.
 B = Non-inter-level travel time spent in this place.
 C = Inter-level travel time spent in this place.
 D = Time resting spent in this place.
 E = Time spent auto-exploring this place.
 F = Levels seen in this place.
 G = Mean time per level.
                   A        B        C        D        E       F      G
               +--------+--------+--------+--------+--------+-----+--------+
         Total |   6514 |   6122 |    392 |   1563 |   2685 |  12 |  542.8 |
       Dungeon |   5999 |   5612 |    387 |   1374 |   2656 |  10 |  599.9 |
        Temple |     11 |      6 |      5 |      0 |      0 |   1 |   11.0 |
       Ossuary |    504 |    504 |      0 |    189 |     29 |   1 |  504.0 |
               +--------+--------+--------+--------+--------+-----+--------+

Top non-repeatable levels by time:
     D:3: 1161 daAuts
     D:6: 856 daAuts
     D:5: 831 daAuts
     D:9: 777 daAuts
     D:4: 602 daAuts
 Ossuary: 504 daAuts
     D:2: 456 daAuts
     D:1: 454 daAuts
     D:7: 369 daAuts
     D:8: 351 daAuts
    D:10: 138 daAuts
  Temple: 11 daAuts

Table legend:
 A = Kills in this place as a percentage of kills in the entire game.
 B = Kills by you in this place as a percentage of kills by you in the entire game.
 C = Kills by friends in this place as a percentage of kills by friends in the entire game.
 D = Other kills in this place as a percentage of other kills in the entire game.
 E = Experience gained in this place as a percentage of experience gained in the entire game.
 F = Experience gained in this place divided by the number of levels of this place that you have seen.
                   A       B       C       D       E      F
               +-------+-------+-------+-------+-------+----------------------
         Total | 100.0 | 100.0 |   N/A | 100.0 | 100.0 | 485.3
       Dungeon |  82.2 |  82.6 |   N/A |   0.0 |  88.0 | 512.8
       Ossuary |  17.8 |  17.4 |   N/A | 100.0 |  12.0 | 696.0
               +-------+-------+-------+-------+-------+----------------------

Skill      XL: |  1  2  3  4  5  6  7  8  9 10 |
---------------+-------------------------------+-----
Staves         | 3 4 5 6 7 8 |  8.9
Stealth        | 3 5 6 |  6.0
Spellcasting   | 2 3 |  3.0
Evocations     | 2 4 |  4.9
Fighting       | 2 3 |  3.7
Armour         | 1 2 |  2.8
Dodging        | 5 6 |  6.5
Throwing       | |  2.0

Action                     |  1- 3 |  4- 6 |  7- 9 | 10-12 || total
---------------------------+-------+-------+-------+-------++-------
  Melee: Quarterstaff      |    20 |       |   312 |    32 ||   364
         Whip              |    71 |   139 |    23 |       ||   233
         Punch             |       |     3 |       |       ||     3
  Throw: Boomerang         |    15 |     7 |       |       ||    22
         Dart              |     4 |    21 |    49 |       ||    74
  Evoke: Wand              |       |       |    18 |       ||    18
    Use: Scroll            |       |     6 |     1 |       ||     7
         Potion            |       |       |     1 |     1 ||     2
   Stab: Sleeping          |     2 |       |     3 |       ||     5
         Confused          |       |       |     3 |       ||     3
         Petrifying        |       |       |     2 |       ||     2
         Distracted        |       |       |     1 |       ||     1
         Paralysed         |       |       |     2 |       ||     2
 Armour: Robe              |    31 |    39 |   116 |    17 ||   203
         Skin              |       |       |       |     3 ||     3
  Dodge: Dodged            |    75 |   107 |   240 |    36 ||   458

Vanquished Creatures
  Prince Ribbit (D:5)
  A hornet (D:9)
  A vampire (D:9)
  A water moccasin (D:6)
  2 orc warriors
  An ice beast (D:7)
  An ogre (D:5)
  2 centaurs
  3 phantoms (D:6)
  An elf zombie (Ossuary)
  A kobold brigand (D:6)
  4 bullfrogs
  2 scorpions
  A burial acolyte (Ossuary)
  11 wights
  3 killer bees
  3 howler monkeys
  4 bombardier beetles
  5 centaur zombies (Ossuary)
  3 human zombies (Ossuary)
  A gnoll bouda (D:9)
  2 orc priests
  5 hounds
  2 jellies
  A spectral scorpion (Ossuary)
  Crazy Yiuf (D:5)
  Natasha (thrice) (D:3)
  2 iguanas (D:6)
  7 orc wizards
  A crocodile zombie (Ossuary)
  3 mummies (Ossuary)
  A hound zombie (Ossuary)
  4 gnolls (D:9)
  7 adders
  2 ufetubi (D:5)
  An adder zombie (Ossuary)
  2 ribbon worms
  A dart slug (D:5)
  17 orcs
  5 endoplasms
  8 giant cockroaches
  6 goblins
  4 hobgoblins
  4 jackals (D:4)
  13 kobolds
  3 quokkas
  2 ball pythons
  2 ball python zombies (Ossuary)
  4 bats
  4 frilled lizards
  2 gnoll zombies (Ossuary)
  6 jackal zombies (Ossuary)
  6 kobold zombies (Ossuary)
  An orc zombie (Ossuary)
  7 rats
  A butterfly (D:6)
192 creatures vanquished.
